 Dungeon Sprint DCSS version 0.29-a0-356-g7bc237e783 (webtiles) character file.

Game seed: 14419771192438143044

1389 Zeldest the Basher (level 8, -12/87 HPs)
             Began as a Troll Fighter on Apr 25, 2022.
             Was a Follower of Makhleb.
             Mangled by a two-headed ogre
             ... wielding a +0 giant spiked club
              (22 damage)
             ... in the Dungeon (Sprint IX: "|||||||||||||||||||||||||||||").
             The game lasted 00:01:27 (136 turns).

Zeldest the Basher (Troll Fighter)                   Turns: 136, Time: 00:01:28

Health: -12/87     AC: 13    Str: 30    XL:     8   Next: 40%
Magic:  12/15      EV:  8    Int:  4    God:    Makhleb [*.....]
Gold:   0          SH:  7    Dex:  9    Spells: 7/7 levels left

rFire   . . .      SeeInvis .   m - +2 morningstar (protect)
rCold   . . .      Faith    .   c - +0 kite shield
rNeg    . . .      Spirit   .   b - +0 robe
rPois   .          Reflect  .   (helmet restricted)
rElec   .          Harm     .   (no cloak)
rCorr   .          Rampage  .   (gloves unavailable)
Will    .....      NoTele   +   (boots unavailable)
Stlth   +.........              (no amulet)
HPRegen 1.04/turn               n - +3 ring of strength
MPRegen 0.14/turn               o - +2 ring of protection

@: under a protective aura, slowed, very slow
A: large, unfitting armour, claws 3, regeneration 1, shaggy fur 1, tough skin 1
a: Renounce Religion


You were in the Dungeon.
You worshipped Makhleb.
Makhleb was aware of your devotion.
You visited 1 branch

Inventory:

Hand Weapons
 a - a +0 flail
 m - a +2 morningstar of protection (weapon)
Armour
 b - a +0 robe (worn)
 c - a +0 kite shield (worn)
Jewellery
 n - a +3 ring of strength (left claw)
 o - a +2 ring of protection (right claw)
Wands
 l - a wand of iceblast (8)
Scrolls
 j - 2 scrolls of blinking
 k - 2 scrolls of amnesia
Potions
 d - a potion of might
 e - 5 potions of curing
 f - 2 potions of heal wounds
 g - a potion of haste
 h - 4 potions of magic


   Skills:
 + Level 7.5 Fighting
 * Level 11.1 Maces & Flails
 - Level 2.4 Dodging
 - Level 2.4 Shields
 * Level 10.9 Invocations


You had 7 spell levels left.
You didn't know any spells.
Your spell library was empty.

Dungeon Overview and Level Annotations

Branches:
Dungeon (1/1)

Altars:
Cheibriados
Dithmenos
Elyvilon
Fedhas
Gozag
Hepliaklqana
Kikubaaqudgha
Makhleb
Nemelex Xobeh
Okawaru
Qazlal
Ru
Sif Muna
Trog
Uskayaw
Vehumet
Wu Jian
Xom
Yredelemnul
Zin
The Shining One
Beogh
Jiyva
Lugonu


Innate Abilities, Weirdness & Mutations

You are too large for most types of armour.
You have claws for hands.
Your natural rate of healing is unusually fast.
You are covered in fur. (AC +1)
You have tough skin. (AC +1)


Message History

The troll is lightly wounded.
You flicker for a moment.
The troll bites you! The troll claws you but does no damage.
The troll claws you.
You hit the troll.
The troll is moderately wounded.
The troll bites you but does no damage. The troll claws you. x2
You block the troll's attack. The troll barely misses you.
The troll claws you but does no damage.
You hit the troll.
The troll is moderately wounded.
You block the troll's attack. The troll closely misses you.
The troll claws you. The troll closely misses you.
You block the troll's attack. The troll claws you!
* * * LOW HITPOINT WARNING * * *
You feel much better.
You flicker back into view.
The troll bites you. You block the troll's attack.
The troll claws you but does no damage.
You closely miss the troll.
The troll is moderately wounded.
The troll barely misses you. x2; You block the troll's attack.
The troll bites you. The troll claws you!
The troll claws you but does no damage.
You sock the troll!
The troll is heavily wounded.
The troll bites you but does no damage. The troll closely misses you.
The troll completely misses you.
You bludgeon the troll!!
You kill the troll!
Makhleb accepts your kill. The two-headed ogre barely misses you.
The two-headed ogre hits you with a +0 giant spiked club!
Your Maces & Flails skill increases to level 11!
You impale the two-headed ogre!!
The two-headed ogre is moderately wounded.
The two-headed ogre hits you with a +0 giant spiked club!!
* * * LOW HITPOINT WARNING * * *
The two-headed ogre hits you with a +0 giant spiked club!!
You die... ▓▓▓▓▓▓▓▓▓▓▓▓▓▓▓▓▓▓▓▓▓▓▓▓ ......O@.[[[.)..'_______ ▓▓▓▓▓▓▓▓▓▓▓▓▓▓▓▓▓▓▓▓▓▓▓▓

You could see a two-headed ogre.

Vanquished Creatures
  A two-headed ogre (D)
  A troll (D)
  A hornet (D)
  A yak (D)
  A wraith (D)
  A phantom (D)
  A hound (D)
  An adder (D)
  A worm (D)
  A ball python (D)
  2 bats (D)
  A giant cockroach (D)
  2 quokkas (D)
15 creatures vanquished.

Notes
Turn   | Place    | Note
-------+----------+-------------------------------------------
     0 | D        | Zeldest the Troll Fighter began the quest for the Orb.
     0 | D        | Reached XP level 1. HP: 22/22 MP: 0/0
     5 | D        | Reached skill level 2 in Maces & Flails
     6 | D        | Reached skill level 1 in Invocations
    19 | D        | Noticed a hound
    19 | D        | Noticed a phantom
    25 | D        | Reached skill level 3 in Maces & Flails
    25 | D        | Reached XP level 2. HP: 28/29 MP: 2/2
    47 | D        | Killed a phantom
    48 | D        | Reached skill level 5 in Maces & Flails
    48 | D        | Reached XP level 3. HP: 21/39 MP: 3/5
    48 | D        | Reached XP level 4. HP: 26/48 MP: 3/6
    50 | D        | Reached skill level 5 in Invocations
    55 | D        | Found a snail-covered altar of Cheibriados.
    55 | D        | Found a shadowy altar of Dithmenos.
    55 | D        | Found a white marble altar of Elyvilon.
    55 | D        | Found a blossoming altar of Fedhas.
    55 | D        | Found an opulent altar of Gozag.
    56 | D        | Found a hazy altar of Hepliaklqana.
    57 | D        | Found a viscous altar of Jiyva.
    58 | D        | Found an ancient bone altar of Kikubaaqudgha.
    59 | D        | Found a corrupted altar of Lugonu.
    60 | D        | Found a burning altar of Makhleb.
    61 | D        | Found a sparkling altar of Nemelex Xobeh.
    62 | D        | Found an iron altar of Okawaru.
    63 | D        | Found a stormy altar of Qazlal.
    64 | D        | Found a sacrificial altar of Ru.
    65 | D        | Found a shimmering blue altar of Sif Muna.
    66 | D        | Found a bloodstained altar of Trog.
    67 | D        | Found a hide-covered altar of Uskayaw.
    68 | D        | Became a worshipper of Makhleb the Destroyer
    69 | D        | Found a radiant altar of Vehumet.
    70 | D        | Found an ornate altar of the Wu Jian Council.
    71 | D        | Found a shimmering altar of Xom.
    72 | D        | Found a basalt altar of Yredelemnul.
    73 | D        | Found a glowing silver altar of Zin.
    74 | D        | Found a glowing golden altar of the Shining One.
   100 | D        | Noticed a two-headed ogre
   100 | D        | Noticed a troll
   100 | D        | Noticed a wraith
   100 | D        | Noticed a hornet
   100 | D        | Noticed a two-headed ogre
   100 | D        | Noticed a yak
   109 | D        | Killed a yak
   110 | D        | Reached skill level 5 in Fighting
   110 | D        | Reached skill level 7 in Maces & Flails
   110 | D        | Reached XP level 5. HP: 57/57 MP: 7/9
   110 | D        | Reached XP level 6. HP: 66/66 MP: 7/10
   112 | D        | Killed a two-headed ogre
   113 | D        | Reached skill level 10 in Maces & Flails
   113 | D        | Reached XP level 7. HP: 63/76 MP: 7/13
   116 | D        | Paralysed by a hornet for 1 turns
   122 | D        | Killed a hornet
   122 | D        | Reached * piety under Makhleb
   123 | D        | Reached skill level 10 in Invocations
   123 | D        | Reached XP level 8. HP: 82/87 MP: 8/14
   135 | D        | Killed a troll
   136 | D        | Reached skill level 11 in Maces & Flails
   136 | D        | Mangled by a two-headed ogre

Illustrated notes

Levels and vault maps discovered:
D:        linesprint [early_d, line_temple, items_1, d_10, items_2, lair_1,
          lair_end, items_3, orc_1, orc_end, items_4, d_15, swamp_1, shoals_1,
          snake_1, spider_1, d_20, vaults_1, items_5, swamp_end, shoals_end,
          snake_end, spider_end, vaults_end, d_27, items_6, zot_1, zot_end,
          crypt_end, forest_end, elf_end, slime_end, tomb_end, abyss_end,
          pan_hell_end]

Skill      XL: |  1  2  3  4  5  6  7  8 |
---------------+-------------------------+-----
Maces & Flails | 3 5 7 10 11 | 11.1
Invocations    | 2 4 7 9 10 | 10.9
Fighting       | 4 5 6 7 |  7.5
Dodging        | |  2.4
Shields        | |  2.4

Action                   |  1- 3 |  4- 6 |  7- 9 || total
-------------------------+-------+-------+-------++-------
Melee: Flail             |    35 |     2 |       ||    37
       Morningstar       |       |     7 |    23 ||    30
Evoke: Wand              |       |     2 |       ||     2
  Use: Potion            |     1 |     1 |     1 ||     3
 Stab: Invisible         |       |     2 |       ||     2
Armor: Robe              |     7 |     2 |    12 ||    21
Dodge: Dodged            |    12 |     4 |    18 ||    34
Block: Kite shield       |    16 |     1 |    14 ||    31

Table legend: (Time is in decaauts)
 A = Elapsed time spent in this place.
 B = Non-inter-level travel time spent in this place.
 C = Inter-level travel time spent in this place.
 D = Time resting spent in this place.
 E = Time spent auto-exploring this place.
 F = Levels seen in this place.
 G = Mean time per level.
                   A        B        C        D        E       F      G
               +--------+--------+--------+--------+--------+-----+--------+
         Total |    169 |    169 |      0 |      0 |      0 |   1 |  169.0 |
       Dungeon |    169 |    169 |      0 |      0 |      0 |   1 |  169.0 |
               +--------+--------+--------+--------+--------+-----+--------+

Top non-repeatable levels by time:
       D: 169 daAuts
